 Dungeon Crawl Stone Soup version 0.22-a0-99-g1ac4c55 (webtiles) character file.

418 solxrula the Cudgeler (level 6, 0/62 HPs)
             Began as a Troll Berserker on Jan 26, 2018.
             Was a Priest of Trog.
             Slain by an ice beast (2 damage)
             ... on level 5 of the Dungeon.
             The game lasted 00:12:52 (3284 turns).

solxrula the Cudgeler (Troll Berserker)             Turns: 3284, Time: 00:12:52

Health: 0/62       AC:  6    Str: 28    XL:     6   Next: 61%
Magic:  5/5        EV: 10    Int:  3    God:    Trog [***...]
Gold:   226        SH:  0    Dex:  9    Spells: 5/5 levels left

rFire    . . .     SeeInvis .   a - +2 mace (protect)
rCold    . . .     Gourm    +   (no shield)
rNeg     . . .     Faith    .   h - +1 animal skin
rPois    .         Spirit   .   (helmet restricted)
rElec    .         Reflect  .   (no cloak)
rCorr    .         Harm     .   (gloves unavailable)
MR       .....                  (boots unavailable)
Stlth    +.........             (no amulet)
HPRegen  0.60/turn              (no ring)
MPRegen  0.09/turn              (no ring)

@: berserk cooldown, slowed, very slow
A: large, unfitting armour, claws 3, fast metabolism 3, gourmand, regeneration
1, shaggy fur 1, tough skin 2
a: Berserk, Trog's Hand, Burn Spellbooks, Renounce Religion


You were on level 5 of the Dungeon.
You worshipped Trog.
Trog was most pleased with you.
You were not hungry.

You visited 1 branch of the dungeon, and saw 5 of its levels.

You collected 226 gold pieces.

Inventory:

Hand Weapons
 a - a +2 mace of protection (weapon)
 b - a +1 mace
Missiles
 A - 7 tomahawks (quivered)
Armour
 h - a +1 animal skin (worn)
Scrolls
 d - a scroll of enchant weapon
 f - 2 scrolls of remove curse
 g - a scroll of identify
Comestibles
 c - 10 rations


   Skills:
 + Level 3.8 Fighting
 + Level 6.0 Maces & Flails
 - Level 2.4 Dodging


You had 5 spell levels left.
You didn't know any spells.

Dungeon Overview and Level Annotations

Branches:
Dungeon (5/15)
 Temple: D:4-7

Altars:
Gozag
Makhleb
Trog

Shops:
D:3 *


Innate Abilities, Weirdness & Mutations

You are too large for most types of armour.
You have claws for hands.
Your metabolism is lightning-fast.
You like to eat raw meat.
Your natural rate of healing is unusually fast.
You are covered in fur. (AC +1)
You have very tough skin. (AC +2)


Message History

You kill the orc!
Trog accepts your kill.
The ice beast hits you but does no damage.
You barely miss the ice beast.
The ice beast is severely wounded.
The ice beast hits you. The ice beast freezes you!
* * * LOW HITPOINT WARNING * * *
You aren't carrying any potions.
You closely miss the ice beast.
The ice beast is severely wounded.
The ice beast hits you.
* * * LOW HITPOINT WARNING * * *
The ice beast freezes you!
* * * LOW HITPOINT WARNING * * *
The ice beast barely misses you.
Okay, then.
You closely miss the ice beast.
The ice beast is heavily wounded.
The ice beast closely misses you. The ice beast hits you.
You die...

#.######.#.# #.# #.#.#
########.######.#.#
..................#
########.######..<#
########...######..##.#.
..............(.......>..
###.....##########.##..#
#.##..hoY@.......# . #
#)##########..# ... .#
..... .. ....... .......
....... .......


You could see an ice beast, an orc and a jackal.

Vanquished Creatures
  A centaur (D:5)
  A bullfrog zombie (D:5)
  An orc wizard (D:4)
  An orc priest (D:5)
  A hound (D:4)
  A worker ant (D:4)
  A gnoll (D:1)
  7 adders
  An ooze (D:2)
  2 adder skeletons
  3 worms (D:2)
  4 dart slugs (D:1)
  A leopard gecko (D:3)
  8 orcs
  5 giant cockroaches
  4 goblins
  6 hobgoblins
  13 jackals
  9 kobolds
  3 quokkas
  A ball python (D:1)
  5 bats
  10 frilled lizards
  2 jackal skeletons (D:4)
  6 rats
97 creatures vanquished.

Notes
Turn   | Place    | Note
-------+----------+-------------------------------------------
     0 | D:1      | solxrula the Troll Berserker began the quest for the Orb.
     0 | D:1      | Reached XP level 1. HP: 22/22 MP: 0/0
   121 | D:1      | Reached skill level 3 in Maces & Flails
   121 | D:1      | Reached XP level 2. HP: 13/29 MP: 1/1
   431 | D:1      | Reached XP level 3. HP: 36/36 MP: 2/2
   709 | D:1      | Reached ** piety under Trog
   888 | D:2      | Reached XP level 4. HP: 45/45 MP: 3/3
   937 | D:2      | Reached skill level 4 in Maces & Flails
  1319 | D:2      | Found a bloodstained altar of Trog.
  1687 | D:3      | Found Gozag's Platinum Reserve.
  1877 | D:3      | Found an opulent altar of Gozag.
  2030 | D:3      | Reached XP level 5. HP: 50/53 MP: 4/4
  2360 | D:4      | Found a burning altar of Makhleb.
  2426 | D:4      | Reached *** piety under Trog
  2426 | D:4      | Reached skill level 5 in Maces & Flails
  2842 | D:4      | Reached XP level 6. HP: 61/61 MP: 5/5
  3193 | D:5      | Entered Level 5 of the Dungeon
  3257 | D:5      | Noticed an ice beast
  3268 | D:5      | Reached skill level 6 in Maces & Flails
  3283 | D:5      | HP: 1/62 [ice beast (12)]
  3284 | D:5      | Slain by an ice beast

Vault maps used:
D:1:      dpeg_arrival_round_c
D:2:      trog_butcher_becter
D:3:      nicolae_gozag_zags_fifth_avenue
D:4:      first_ration, makhleb_heckhound_becter
D:5:      minmay_temple_entry_junction, uniq_sigmund

Skill      XL: |  1  2  3  4  5  6 |
---------------+-------------------+-----
Maces & Flails | 3 4 5 6 |  6.0
Fighting       | 3 |  3.8
Dodging        | |  2.4

Action                   |  1- 3 |  4- 6 || total
-------------------------+-------+-------++-------
Melee: Mace              |   113 |   213 ||   326
Invok: Berserk           |     1 |     1 ||     2
       Burn Spellbooks   |       |     1 ||     1
  Use: Scroll            |     5 |     4 ||     9
       Potion            |       |     3 ||     3
  Eat: Chunk             |    13 |    17 ||    30
Armor: Animal skin       |    45 |    90 ||   135
Dodge: Dodged            |    62 |   106 ||   168

Table legend:
 A = Spawn XP
 B = Non-spawn XP
 C = Spawn XP percentage of total XP
 D = Spawn monster count
 E = Non-spawn monster count
 F = Spawn count percentage of total count
 G = Total turns spent on level
                    A         B        C        D         E        F      G
               +---------+---------+-------+---------+---------+-------+---------
         Total |       0 |     598 |   0.0 |       0 |      97 |   0.0 |  3284
               +---------+---------+-------+---------+---------+-------+---------
           D:1 |       0 |      75 |   0.0 |       0 |      32 |   0.0 |   842
           D:2 |       0 |     109 |   0.0 |       0 |      31 |   0.0 |   843
           D:3 |       0 |      31 |   0.0 |       0 |      13 |   0.0 |   583
           D:4 |       0 |     179 |   0.0 |       0 |      17 |   0.0 |   925
           D:5 |       0 |     204 |   0.0 |       0 |       4 |   0.0 |    91
               +---------+---------+-------+---------+---------+-------+---------
